Map: Ulrena

Players

Grumm

  • Race: Zerg Zerg
  • League: Gold

BlackDragon - Winner!

  • Race: Terran Terran
  • League: Gold

VOD

Have the link to the VOD?

Description

Time

  • Played on: Jan. 12, 2016, 2:05 a.m.
  • Length: 14:47
Show
View Real Time Build Order
Export as new Build Order

Grumm Zerg 

Build Orders: Pool First 

Get SALT Encoding   

  12  0:01  Drone  
  13  0:10  Drone  
  14  0:18  Drone, Extractor  
  14  0:23  Overlord  
  14  0:43  Drone x2  
  16  0:51  Drone  
  17  0:58  Spawning Pool  
  17  0:59  Drone  
  17  1:27  Hatchery  
  17  1:32  Drone x2  
  18  1:44  Lair  
  18  1:51  Zergling x4  
  20  2:00  Extractor  
  19  2:02  Drone  
  20  2:09  Overlord  
  20  2:24  Overlord  
  20  2:29  Roach Warren  
  19  2:37  Overlord  
  19  2:52  Drone  
  19  2:53  Drone x3  
  19  2:57  Queen  
  24  3:22  Drone  
  24  3:23  Drone x4  
  28  3:40  Spine Crawler  
  27  3:44  Evolution Chamber  
  26  3:49  Overlord  
  26  3:51  Roach x2  
  26  3:53  Zergling x2  
  26  3:54  Zergling x2  
  33  4:02  Drone  
  33  4:10  Nydus Network  
  32  4:21  Drone  
  32  4:22  Drone x4  
  32  4:24  Drone  
  38  4:33  Roach x2  
  42  4:46  Overlord x2  
  42  4:50  Queen  
  44  4:57  Extractor  
  43  5:05  Roach  
  43  5:06  Roach x3  
  51  5:17  Zergling x8  
  55  5:26  Pneumatized Carapace  
  55  5:27  Metabolic Boost  
  55  5:52  Nydus Canal  
  55  5:56  Zergling x2  
  56  5:57  Zergling x10  
  41  6:39  Zergling x2  
  36  6:40  Zergling x22  
  45  6:57  Drone x2  
  49  7:15  Roach  
  49  7:16  Roach x3  
  49  7:21  Nydus Canal  
  55  7:36  Nydus Canal  
  55  7:42  Overlord x3  
  55  7:43  Overlord x2  
  47  8:25  Roach  
  47  8:26  Roach x5  
  55  8:39  Roach  
  55  8:40  Roach  
  59  8:51  Zerg Missile Weapons Level 1  
  59  8:55  Hydralisk Den  
  59  8:56  Roach x2  
  62  9:08  Zergling x2  
  62  9:09  Zergling x6  
  66  9:16  Infestation Pit  
  65  9:23  Drone x2  
  65  9:24  Drone x5  
  69  9:29  Spore Crawler  
  71  9:36  Spore Crawler  
  71  9:37  Spine Crawler  
  69  9:44  Overlord x3  
  68  10:21  Hydralisk  
  68  10:22  Hydralisk x11  
  92  10:28  Overlord  
  92  10:29  Overlord  
  92  10:30  Extractor  
  91  10:47  Drone x3  
  94  11:01  Nydus Canal  
  80  11:42  Zergling x2  
  80  11:43  Zergling x18  
  80  11:46  Burrow  
  90  12:11  Overlord  
  90  12:12  Overlord, Hydralisk  
  90  12:13  Hydralisk x4  
  100  12:38  Overseer  
  100  13:06  Nydus Canal  
  63  13:36  Zergling x2  
  63  13:37  Zergling x24  
  68  13:55  Hatchery  
  66  14:15  Hatchery  
Show
View Real Time Build Order
Export as new Build Order

BlackDragon Terran - Winner!

Build Orders: Mech 

Get SALT Encoding   

  12  0:01  SCV  
  13  0:15  SCV  
  14  0:22  Supply Depot  
  14  0:27  SCV  
  15  0:44  SCV  
  15  0:47  Barracks  
  16  0:50  Refinery  
  16  0:56  SCV  
  17  1:08  SCV  
  18  1:20  SCV  
  19  1:37  Marine  
  20  1:41  SCV  
  20  1:43  Supply Depot  
  22  1:55  Orbital Command  
  22  1:57  Factory  
  22  1:58  Marine  
  22  2:21  SCV  
  23  2:28  Barracks Reactor  
  23  2:33  SCV  
  24  2:38  Supply Depot  
  24  2:45  SCV  
  25  2:51  Widow Mine  
  25  2:58  SCV  
  28  3:04  Marine x2  
  30  3:10  SCV  
  31  3:22  SCV  
  32  3:34  SCV  
  32  3:37  Marine x2  
  35  3:42  Factory Tech Lab  
  35  3:43  Command Center  
  35  3:46  SCV  
  36  3:54  Supply Depot  
  36  3:55  Marine x2  
  38  4:06  Refinery  
  41  4:10  Siege Tank  
  41  4:21  Supply Depot  
  41  4:22  Marine x2  
  43  4:27  Starport  
  43  4:42  Marine x2, Siege Tank  
  48  4:54  Orbital Command  
  48  5:00  SCV  
  48  5:03  Viking  
  48  5:06  Marine x2  
  53  5:12  Factory, SCV  
  54  5:20  SCV  
  55  5:24  SCV  
  55  5:25  Marine x2  
  55  5:26  Refinery  
  58  5:33  SCV  
  59  5:36  SCV  
  59  5:41  Infernal Pre-Igniter  
  60  5:46  SCV  
  60  5:48  SCV  
  60  5:49  Refinery  
  62  5:58  SCV  
  62  5:59  Factory Reactor  
  62  6:00  SCV  
  64  6:11  Marine x2, SCV  
  67  6:12  SCV, Hellion  
  66  6:23  SCV  
  66  6:24  SCV  
  63  6:28  Marine  
  63  6:29  Marine  
  59  6:35  SCV  
  59  6:36  SCV  
  53  6:46  Marine  
  53  6:47  SCV  
  53  6:49  SCV  
  54  6:59  SCV  
  54  7:01  SCV  
  56  7:02  Hellion x2  
  56  7:06  Siege Tank  
  63  7:11  SCV  
  63  7:13  SCV  
  65  7:16  Supply Depot  
  65  7:17  Factory  
  65  7:20  Viking  
  67  7:23  SCV  
  67  7:25  SCV  
  69  7:35  SCV  
  74  7:37  SCV, Hellion x2  
  75  7:47  SCV  
  75  7:49  SCV  
  77  7:59  Marine x2, SCV  
  77  8:01  SCV  
  81  8:12  SCV  
  82  8:13  SCV  
  82  8:17  Marine x2  
  78  8:20  Factory Reactor  
  78  8:22  Factory  
  78  8:24  SCV  
  78  8:25  SCV  
  77  8:35  Marine x2  
  77  8:36  SCV  
  77  8:37  SCV  
  81  8:42  Command Center, Armory  
  81  8:46  Viking  
  81  8:48  SCV  
  84  8:50  SCV  
  84  8:53  Marine  
  86  9:02  Supply Depot  
  86  9:08  Factory Tech Lab  
  86  9:09  Supply Depot  
  86  9:10  Supply Depot  
  86  9:23  SCV x2, Hellion  
  86  9:24  Hellion x2  
  94  9:33  Terran Vehicle Weapons Level 1  
  94  9:35  SCV x2, Armory  
  94  9:36  Supply Depot  
  94  9:37  Supply Depot, Thor  
  102  9:40  Marine  
  102  9:41  Marine  
  104  9:47  SCV  
  104  9:49  Supply Depot x2  
  103  10:07  Marine x2  
  103  10:09  Supply Depot, SCV  
  103  10:11  Supply Depot  
  105  10:19  Engineering Bay  
  105  10:26  Supply Depot  
  105  10:28  Supply Depot  
  105  10:41  Refinery  
  105  10:42  Refinery, Engineering Bay  
  105  10:45  Thor x2  
  105  10:46  Starport Tech Lab  
  105  10:47  Hellbat x2  
  121  10:58  Hellbat x2  
  121  11:01  Terran Vehicle And Ship Armor Level 1  
  121  11:02  Supply Depot  
  125  11:06  Missile Turret, Planetary Fortress  
  125  11:08  Hellbat x2  
  129  11:19  SCV  
  129  11:22  SCV  
  120  11:29  Hellbat x4  
  120  11:30  Marine x2  
  120  11:31  SCV  
  115  11:34  SCV  
  97  11:43  SCV  
  97  11:46  SCV, Hellbat x2  
  103  11:55  SCV  
  103  11:58  SCV  
  103  12:00  Hellbat  
  103  12:01  Thor x2, Hellbat  
  109  12:07  SCV  
  122  12:10  SCV, Hellbat x2  
  127  12:19  SCV  
  127  12:22  SCV  
  129  12:26  Hellbat x2  
  133  12:33  SCV x2  
  133  12:34  SCV  
  136  12:45  Thor, Hellbat x2  
  136  12:46  SCV x3, Thor  
  155  12:52  Raven  
  155  12:55  Corvid Reactor  
  155  12:58  SCV x3  
  159  13:01  Command Center  
  160  13:10  SCV  
  161  13:13  SCV  
  161  13:36  Hellbat x5  
  161  13:37  Hellbat  
  167  13:42  SCV  
  167  13:43  SCV x2  
  170  13:49  Raven  
  172  13:57  Hellbat  
  172  14:01  Thor, Hellbat x4  
  188  14:15  Command Center  
Tags
 
Composition
Mech
League
GoldGold
Matchup
TvZ
Opening
Pool First
Replay Pack
sc2 replays 2016
Add a new tag
Caveats
  • Supply blocks, unpowered buildings, or Contaminate may cause inaccurate times.
  • Supply counts are checked every 10 seconds.